 Dungeon Crawl Stone Soup version 0.29.1-2-gbd0b4ee654 (webtiles) character file.

Game seed: 9406201799775150456

60 wingedge the Trooper (level 3, -2/28 (31) HPs)
             Began as a Demigod Fighter on Nov 27, 2022.
             Killed by divine providence
             ... invoked by an orc priest
              (13 damage)
             ... on level 3 of the Dungeon.
             The game lasted 00:10:00 (1650 turns).

wingedge the Trooper (Demigod Fighter)              Turns: 1650, Time: 00:10:01

HP:   -2/28 (31)    AC:  9    Str: 17    XL:     3   Next: 57%
MP:   6/6           EV:  9    Int: 14    God:
Gold: 111           SH:  4    Dex: 13    Spells: 3/4 levels left

rFire   . . .      SeeInvis .   a - +0 trident
rCold   . . .      Faith    .   c - +0 buckler
rNeg    + . .      Spirit   .   b - +0 scale mail
rPois   .          Reflect  .   m - +0 helmet
rElec   .          Harm     .   (no cloak)
rCorr   .          Rampage  .   q - +0 pair of gloves
Will    .....                   (no boots)
Stlth   ..........              h - amulet of magic regeneration
HPRegen 0.09/turn               p - ring of positive energy
MPRegen 0.50/turn               (no ring)

@: mighty, about to teleport, drained
A: high MP 1, forlorn, divine attributes
a: no special abilities


You were on level 3 of the Dungeon.
You visited 1 branch of the dungeon, and saw 3 of its levels.

You collected 111 gold pieces.

Inventory:

Hand Weapons
 a - a +0 trident (weapon)
Missiles
 s - 4 boomerangs (quivered)
Armour
 b - a +0 scale mail (worn)
 c - a +0 buckler (worn)
 m - a +0 helmet (worn)
 q - a +0 pair of gloves (worn)
Jewellery
 h - an amulet of magic regeneration (around neck)
 p - a ring of positive energy (left hand)
 u - an amulet of the acrobat
Wands
 n - a wand of mindburst (19)
Scrolls
 e - a scroll of amnesia {unknown}
 g - a scroll of teleportation
 i - 4 scrolls of identify
 j - a scroll of immolation {unknown}
 k - a scroll of silence {unknown}
 t - a scroll of fear {unknown}
 v - a scroll of blinking {unknown}
Potions
 f - a potion of invisibility {unknown}
 l - a potion of degeneration {unknown}
 o - 2 potions of mutation {unknown}
 r - a potion of resistance {unknown}
 w - a potion of flight {unknown}
 z - a potion of curing
 A - a potion of lignification {unknown}


   Skills:
 - Level 3.0 Fighting
 - Level 2.0 Polearms
 - Level 3.0 Armour
 - Level 3.0 Shields
 - Level 1.0 Spellcasting
 - Level 1.0 Conjurations
 + Level 1.2 Air Magic


You had 3 spell levels left.
You knew the following spells:

 Your Spells              Type           Power      Damage    Failure   Level
a - Shock                 Conj/Air       12%        1d3       58%         1

Your spell library contained the following spells:

 Spells                   Type           Power      Damage    Failure   Level
 Beastly Appendage        Tmut           0%         N/A       75%         1
 Wereblood                Tmut           0%         N/A       86%         2
 Swiftness                Air            4%         N/A       90%         3
 Spider Form              Tmut/Pois      0%         N/A       98%         3
 Airstrike                Air            2%         2d(1-17)  100%        4


Dungeon Overview and Level Annotations

Branches:
Dungeon (3/15)

Shops:
D:2 *   D:3 [


Innate Abilities, Weirdness & Mutations

You have an increased reservoir of magic. (+10% MP)
You shall have no god before yourself.
Your divine heritage dramatically boosts your attributes as you level up.


Message History

The orc priest calls upon Beogh to heal the orc priest.
The orc priest is healed somewhat.
The orc priest hits you but does no damage.
You partially resist.
You feel very mighty all of a sudden.
The orc wizard mumbles some strange words.
The orc wizard flickers and vanishes!
Deactivating autopickup; reactivate with Ctrl-A.
The orc priest mumbles some strange prayers to Beogh against you.
Pain shoots through your body!
The orc priest invokes the aid of Beogh against you.
Pain shoots through your body!
You hit the orc priest.
The orc priest is heavily wounded.
The orc priest hits you but does no damage.
You partially resist. The orc priest closely misses you.
You barely miss the orc priest.
The orc priest is heavily wounded.
The orc priest looks satisfied for a moment.
The orc priest closely misses you.
The orc priest hits you with a +2 dagger of draining.
* * * LOW HITPOINT WARNING * * *
You partially resist.
You feel drained.
The orc priest hits you but does no damage.
You feel better.
The orc priest hits you but does no damage.
You partially resist.
The orc priest hits you but does no damage.
An orc comes into view. It is wielding a +0 mace.
You barely miss the orc priest.
The orc priest is heavily wounded.
The orc priest hits you with a +0 club.
The orc priest hits you with a +2 dagger of draining.
You partially resist.
You feel drained.
As you read the scroll labelled LAIPHY RISUKO, it crumbles to dust.
You feel strangely unstable.
It was a scroll of teleportation.
The orc priest hits you with a +0 club.
The orc priest mumbles some strange prayers to Beogh against you.
Beogh smites you!
You die...

...............#####
...#......###.###
................#
##.#.#.#..###.#.# ###
.....#.#......#.#.o.
##'###.#.#...##.#o###.#
.................o.....
#...###..#.#...o########
#...# #.......oo@.......
#...###.##.###..........
#.....................).
#....##.##.#####.#......
......... .......$.
.....##.# #.#.....#
......... ....(...#
..####### ..# ..... ..#


You could see 2 orc priests and an orc.

Vanquished Creatures
  2 adders (D:2)
  An orc (D:3)
  6 bats
  3 endoplasms
  A giant cockroach (D:2)
  4 goblins (D:2)
  A hobgoblin (D:3)
  2 jackals (D:1)
  4 quokkas
  6 ball pythons
  2 frilled lizards
  5 kobolds
  2 rats
39 creatures vanquished.

Notes
Turn   | Place    | Note
-------+----------+-------------------------------------------
     0 | D:1      | wingedge the Demigod Fighter began the quest for the Orb.
     0 | D:1      | Reached XP level 1. HP: 18/18 MP: 3/3
   280 | D:1      | Reached XP level 2. HP: 23/26 MP: 4/4
   908 | D:2      | Reached skill level 1 in Spellcasting
   932 | D:2      | Reached XP level 3. HP: 31/31 MP: 6/6
   973 | D:2      | Learned a level 1 spell: Shock
  1069 | D:2      | Found Xinkyuny's General Store.
  1181 | D:2      | Reached skill level 1 in Conjurations
  1377 | D:2      | Reached skill level 1 in Air Magic
  1580 | D:3      | Found Utiuggew's Armour Shop.
  1650 | D:3      | Killed from afar by an orc priest

Illustrated notes

Levels and vault maps discovered:
D:1:      heliophobic_arrival_henge, layout_basic, minmay_misc_feat_iff,
          interstate_on_off
D:2:      layout_loops_corners, basic_altar, serial_shops,
          nicolae_shop_behind_doors
D:3:      layout_basic, serial_shops, nicolae_shop_trees,
          nicolae_shop_bloodbath_and_beyond, nicolae_diamond_shop, shop,
          shapermc_ecumenical_altar_mp_vishouse

Skill      XL: |  1  2  3 |
---------------+----------+-----
Fighting       | 3 |  3.0
Polearms       | 2 |  2.0
Armour         | 3 |  3.0
Shields        | 3 |  3.0
Spellcasting   | 1 |  1.0
Conjurations   | 1 |  1.0
Air Magic      | 1 |  1.2

Action                   || total
-------------------------++-------
Melee: Trident           ||   110
Throw: Boomerang         ||     3
  Use: Potion            ||     3
       Scroll            ||     2
Armor: Scale mail        ||    45
Dodge: Dodged            ||    35
Block: Buckler           ||    23
